 Dungeon Crawl Stone Soup version 0.30.1 (webtiles) character file.

Game seed: 7400122846005575570

22920 Graphine the Nimble (level 13, -22/103 HPs)
             Began as a Merfolk Gladiator on July 6, 2023.
             Was an Initiate of Gozag.
             Annihilated by Agnes
             ... wielding a +2 vampiric lajatang
              (34 damage)
             ... on level 14 of the Dungeon.
             The game lasted 00:41:30 (13567 turns).

Graphine the Nimble (Merfolk Gladiator)            Turns: 13567, Time: 00:41:30

Health: -22/103    AC: 19    Str: 17    XL:     13   Next: 3%
Magic:  19/19      EV: 24    Int: 13    God:    Gozag
Gold:   1661       SH:  0    Dex: 15    Spells: 12/21 levels left

rFire   . . .        a - +5 trident (venom)
rCold   . . .        (no shield)
rNeg    + . .        b - +0 leather armour
rPois   .            c - +2 helmet
rElec   .            W - +2 cloak
rCorr   .            g - +1 pair of gloves
SInv    .            M - +2 pair of boots "Nezif" {rN+ Int+3}
Will    .....        V - amulet of magic regeneration
Stlth   +            j - +5 ring of evasion
HPRegen 0.37/turn    k - +4 ring of protection
MPRegen 0.56/turn

%: no passive effects
@: mighty, studying 2 skills, invisible
A: (nimble swimmer 2), mertail
a: Renounce Religion, Potion Petition, Call Merchant, Bribe Branch


You were on level 14 of the Dungeon.
You worshipped Gozag.
Gozag was most pleased with you.
You visited 2 branches of the dungeon, and saw 16 of its levels.
You also visited: Bailey.

You collected 2604 gold pieces.
You spent 194 gold pieces at shops.
You paid 749 gold pieces to Gozag.

Inventory:

Hand Weapons
 a - a +5 trident of venom (weapon)
 d - a +3 dagger of protection
 D - a +2 quarterstaff of speed
 H - the +5 long sword "Rutoy" {flame, Dex+4}
   (You took it off a kobold brigand on level 8 of the Dungeon)

   Dex:       It affects your dexterity (+4).
 N - the +10 arbalest of the Big Fish {drain, rElec Dex+3 SInv}
   (You found it in a bailey)

   Dex:       It affects your dexterity (+3).
   rElec:     It insulates you from electricity.
   SInv:      It lets you see invisible.
Missiles
 u - 9 javelins
 y - 12 boomerangs (quivered)
 L - a throwing net
Armour
 b - a +0 leather armour (worn)
 c - a +2 helmet (worn)
 g - a +1 pair of gloves (worn)
 M - the +2 pair of boots "Nezif" (worn) {rN+ Int+3}
   (You acquired it on level 9 of the Dungeon)

   Int:       It affects your intelligence (+3).
   rN:        It protects you from negative energy.
 W - a +2 cloak (worn)
Magical Staves
 x - a staff of death
Jewellery
 j - a +5 ring of evasion (left hand)
 k - a +4 ring of protection (right hand)
 s - a ring of positive energy
 v - a +6 ring of strength
 z - an amulet of regeneration
 A - a +5 ring of evasion
 C - a +6 ring of intelligence
 O - a ring of see invisible
 U - a ring of flight
 V - an amulet of magic regeneration (around neck)
 Z - an amulet of reflection
Wands
 t - a wand of digging (4)
 G - a wand of flame (34)
 I - a wand of iceblast (13)
 J - a wand of light (6)
 P - a wand of charming (6)
Scrolls
 e - 3 scrolls of amnesia
 h - 4 scrolls of immolation
 i - a scroll of enchant weapon
 m - 3 scrolls of teleportation
 n - 3 scrolls of fog
 E - a scroll of identify
 S - 2 scrolls of magic mapping
 Y - a scroll of enchant armour
Potions
 f - 5 potions of mutation
 l - 6 potions of attraction
 o - 4 potions of magic
 q - 2 potions of flight
 r - 4 potions of curing
 w - 2 potions of brilliance
 B - a potion of might
 F - a potion of resistance
 Q - a potion of degeneration {unknown}
 R - a potion of lignification {unknown}
 T - a potion of ambrosia {unknown}
Miscellaneous
 K - a lightning rod (4/4)
 X - a piece from Xom's chessboard (15/15)


   Skills:
 - Level 10.0 Fighting
 - Level 10.4 Polearms
 - Level 6.0 Throwing
 + Level 3.7 Armour
 * Level 14.0 Dodging
 + Level 4.6 Spellcasting
 * Level 10.8 Hexes
 * Level 10.6 Summonings
 + Level 4.0 Translocations


You had 12 spell levels left.
You knew the following spells:

 Your Spells              Type           Power      Damage    Failure   Level
a - Summon Guardian Gole  Hex/Summ       30%        N/A       1%          3
b - Tukima's Dance        Hex            31%        N/A       1%          3
c - Portal Projectile     Hex/Tloc       44%        N/A       3%          3

Your spell library contained the following spells:

 Spells                   Type           Power      Damage    Failure   Level
 Summon Small Mammal      Summ           100%       N/A       1%          1
 Apportation              Tloc           26%        N/A       4%          1
 Lesser Beckoning         Tloc           26%        N/A       7%          2
 Dazzling Flash           Conj/Hex       34%        N/A       8%          3
 Gell's Gravitas          Tloc           13%        N/A       13%         3
 Teleport Other           Tloc           13%        N/A       13%         3
 Foxfire                  Conj/Fire      8%         2x1d4     24%         1
 Freeze                   Ice            8%         1d3       24%         1
 Necrotise                Necr           8%         1d4       24%         1
 Sandblast                Erth           4%         2d4       24%         1
 Summon Ice Beast         Ice/Summ       16%        N/A       26%         4
 Scorch                   Fire           4%         2d5       34%         2
 Summon Cactus Giant      Summ           15%        N/A       41%         6
 Ozocubu's Armour         Ice            2%         N/A       56%         3
 Silence                  Hex/Air        8%         N/A       56%         5
 Flame Wave               Conj/Fire      2%         2d4       93%         4
 Agony                    Necr           2%         N/A       100%        5
 Blade Hands              Tmut           1%         N/A       100%        5
 Orb of Destruction       Conj           1%         9d5       100%        7
 Spellforged Servitor     Conj/Summ      8%         N/A       100%        7
 Polar Vortex             Ice            1%         N/A       100%        9


Dungeon Overview and Level Annotations

Branches:
Dungeon (15/15)            Temple (1/1) D:4            Lair (0/5) D:8
    Orc (0/2) D:9          Vaults (0/5) D:14         Bailey (visited)
 Depths: D:15

Altars:
Cheibriados
Dithmenos
Elyvilon
Gozag
Kikubaaqudgha
Nemelex Xobeh
Sif Muna
Trog
Uskayaw
Vehumet
Wu Jian
Yredelemnul
Zin
The Shining One

Shops:
D:5 ?   D:12 ?

Annotations:
D:6 1 runed translucent door, MrAu's ghost, novice DgGl
D:8 4 runed translucent doors
D:14 Agnes


Innate Abilities, Weirdness & Mutations

((You are very nimble when in or above water. (Stealth+, EV+, Speed+++)))
Your lower body shifts to a powerful aquatic tail in water.


Message History

Agnes is lightly wounded.
Agnes closely misses you. Agnes barely misses you.
Reach: a) +5 trident (venom)
Press: ? - help, Dir - move target, f/p - Agnes
Aim: Agnes, wielding a +2 vampiric lajatang and wearing a +0 robe (lightly wounded, extremely poisoned, ally target, about 53% to evade your +5 trident of venom)
You miss Agnes.
Agnes is lightly wounded.
Agnes barely misses you.
Reach: a) +5 trident (venom)
Press: ? - help, Dir - move target, f/p - Agnes
Aim: Agnes, wielding a +2 vampiric lajatang and wearing a +0 robe (lightly wounded, extremely poisoned, ally target, about 53% to evade your +5 trident of venom)
You puncture Agnes!
Agnes looks as sick as possible!
Agnes is moderately wounded.
Agnes closely misses you. x2
Reach: a) +5 trident (venom)
Press: ? - help, Dir - move target, f/p - Agnes
Aim: Agnes, wielding a +2 vampiric lajatang and wearing a +0 robe (moderately wounded, extremely poisoned, ally target, about 53% to evade your +5 trident of venom)
You puncture Agnes!
Agnes looks as sick as possible!
Agnes is moderately wounded.
Agnes completely misses you.
Reach: a) +5 trident (venom)
Press: ? - help, Dir - move target, f/p - Agnes
Aim: Agnes, wielding a +2 vampiric lajatang and wearing a +0 robe (moderately wounded, extremely poisoned, ally target, about 53% to evade your +5 trident of venom)
You completely miss Agnes.
Agnes is moderately wounded.
Agnes completely misses you.
Reach: a) +5 trident (venom)
Press: ? - help, Dir - move target, f/p - Agnes
Aim: Agnes, wielding a +2 vampiric lajatang and wearing a +0 robe (heavily wounded, extremely poisoned, ally target, about 53% to evade your +5 trident of venom)
You barely miss Agnes.
Agnes is heavily wounded.
Agnes completely misses you.
Reach: a) +5 trident (venom)
Press: ? - help, Dir - move target, f/p - Agnes
Aim: Agnes, wielding a +2 vampiric lajatang and wearing a +0 robe (heavily wounded, extremely poisoned, ally target, about 53% to evade your +5 trident of venom)
You closely miss Agnes.
Agnes is heavily wounded.
Agnes hits you with a +2 vampiric lajatang!!
You die...
Your body crumbles into a pile of gold.

#. #.# #.# #.# #
#.# ...
#.#######...$
#...9........
#...i@....#
#######.######..#
........# # #..
........# #..
........# #.. #.#
........# #.. #.#
........# #..#
#.# ........#
#..# #.#
........# #..#
#.#


You could see Agnes (extremely poisoned, ally target) and a friendly guardian
golem (summoned).

Vanquished Creatures
  Rupert (D:14)
  Josephine (D:15)
  A hydra (D:14)
  A boulder beetle (D:12)
  A centaur warrior (D:14)
  A tengu warrior (D:14)
  Urug (D:14)
  2 orc knights (Bailey)
  2 deep elf pyromancers (D:12)
  A manticore (D:13)
  2 ugly things
  A wolf spider (D:14)
  A komodo dragon (D:8)
  2 kobold demonologists (D:12)
  A troll (shapeshifter) (D:15)
  2 trolls
  7 slime creatures (D:12)
  2 wyverns
  A shadow (D:12)
  2 basilisks
  4 wraiths
  10 humans (D:14)
  5 yaks (D:12)
  8 vampire mosquitoes
  6 water moccasins
  14 orc warriors
  A black bear (D:3)
  2 sky beasts
  An ice beast (D:8)
  An ogre (D:7)
  6 centaurs
  2 kobold brigands
  10 bullfrogs
  3 scorpions
  A gnoll sergeant (D:10)
  4 wights (D:8)
  8 killer bees
  8 howler monkeys
  3 jellies
  6 orc priests
  3 hounds
  Jessica (D:3)
  2 iguanas
  11 orc wizards
  3 sleepcaps
  A mummy (D:8)
  13 gnolls
  10 adders
  7 river rats (D:6)
  A shadow imp (D:5)
  A white imp (D:8)
  An ufetubus (D:6)
  A worm (D:4)
  2 dart slugs
  52 orcs
  5 endoplasms
  6 goblins
  2 hobgoblins
  6 kobolds
  4 quokkas
  6 ball pythons
  5 bats
  7 frilled lizards
  18 rats
  A spectral orc (D:8)
305 creatures vanquished.

Vanquished Creatures (others)
  A manticore (D:14)
  3 wraiths
  6 humans (D:14)
  2 dancing weapons
  3 orc warriors
  2 killer bees (D:9)
  An orc wizard (D:9)
  2 orcs
20 creatures vanquished.

Grand Total: 325 creatures vanquished

Notes
Turn   | Place    | Note
-------+----------+-------------------------------------------
     0 | D:1      | Graphine the Merfolk Gladiator began the quest for the Orb.
     0 | D:1      | Reached XP level 1. HP: 16/16 MP: 1/1
   514 | D:1      | Reached XP level 2. HP: 22/22 MP: 2/2
   635 | D:1      | Found a faded altar of an unknown god.
   642 | D:1      | Got Plato's Tome of Calefaction
  1361 | D:2      | Reached XP level 3. HP: 8/28 MP: 3/3
  1988 | D:3      | Found an ancient bone altar of Kikubaaqudgha.
  1988 | D:3      | Noticed Jessica
  2003 | D:3      | Killed Jessica
  2119 | D:3      | Reached XP level 4. HP: 34/34 MP: 4/4
  2170 | D:3      | Reached skill level 5 in Polearms
  2194 | D:3      | Reached skill level 5 in Dodging
  2283 | D:3      | Reached XP level 5. HP: 20/41 MP: 5/5
  2721 | D:3      | Identified a scroll of acquirement
  2721 | D:3      | Acquired a manual of Hexes
  2904 | D:4      | Noticed a black bear
  2925 | D:3      | Killed a black bear
  2926 | D:3      | Reached skill level 6 in Dodging
  2926 | D:3      | Reached XP level 6. HP: 42/47 MP: 6/6
  3031 | D:4      | Found a staircase to the Ecumenical Temple.
  3042 | Temple   | Entered the Ecumenical Temple
  3047 | Temple   | Became a worshipper of Gozag Ym Sagoz the Greedy
  3146 | D:4      | Found a bloodstained altar of Trog.
  3452 | D:5      | Entered Level 5 of the Dungeon
  3555 | D:5      | Reached XP level 7. HP: 34/53 MP: 7/7
  3839 | D:5      | Found a white marble altar of Elyvilon.
  3864 | D:5      | Found a shimmering blue altar of Sif Muna.
  3874 | D:5      | Got Sif Muna's Enchiridion on Frost
  3876 | D:5      | Got Sif Muna's Spellbook of Places
  3879 | D:5      | Got Sif Muna's Teachings on Breccia
  3954 | D:5      | Reached skill level 7 in Dodging
  4228 | D:5      | Reached XP level 8. HP: 61/61 MP: 8/8
  4463 | D:5      | Found Uhom's Magic Scroll Boutique.
  4473 | D:5      | Bought a scroll of enchant weapon for 97 gold pieces
  4473 | D:5      | Bought a scroll of enchant weapon for 97 gold pieces
  4615 | D:6      | Reached skill level 8 in Dodging
  4777 | D:6      | Found a runed translucent door.
  5242 | D:6      | Reached skill level 5 in Fighting
  5327 | D:6      | Reached skill level 9 in Dodging
  5471 | D:6      | Reached skill level 5 in Throwing
  5471 | D:6      | Reached XP level 9. HP: 47/68 MP: 9/9
  5678 | D:6      | Noticed MrAu's ghost (novice DgGl)
  6083 | D:7      | Found Kixki's Weapon Shoppe.
  6255 | D:7      | Noticed a troll
  6264 | D:7      | Killed a troll
  6265 | D:7      | Reached skill level 10 in Polearms
  6265 | D:7      | Reached skill level 10 in Dodging
  6564 | D:7      | Found a glowing golden altar of the Shining One.
  6883 | D:7      | Acquired a manual of Summonings
  6891 | D:8      | Found a large runed translucent door.
  6892 | D:8      | Found a large runed translucent door.
  6898 | D:8      | Found a large runed translucent door.
  6898 | D:8      | Found a large runed translucent door.
  6925 | D:8      | Reached skill level 1 in Hexes
  6925 | D:8      | Reached skill level 1 in Summonings
  6963 | D:8      | Identified the +0 sling "Uwkede" {freeze, rElec rPois rC+}
  6969 | D:8      | Identified the +5 long sword "Rutoy" {flame, Dex+4}
  7202 | D:8      | Reached skill level 1 in Spellcasting
  7202 | D:8      | Reached XP level 10. HP: 67/77 MP: 11/11
  7270 | D:8      | Learned a level 3 spell: Summon Guardian Golem
  7439 | D:8      | Reached skill level 1 in Armour
  7439 | D:8      | Reached skill level 11 in Dodging
  7489 | D:8      | Noticed a white ugly thing
  7498 | D:8      | Killed a white ugly thing
  7517 | D:8      | Got the Grimoire of Cunning Cold
  7594 | D:8      | Reached skill level 1 in Translocations
  7808 | D:8      | Found a staircase to the Lair.
  7864 | D:8      | Reached skill level 5 in Hexes
  7934 | D:8      | Found a snail-covered altar of Cheibriados.
  7987 | D:8      | Reached skill level 5 in Summonings
  8062 | D:8      | Found a basalt altar of Yredelemnul.
  8127 | D:8      | Learned a level 3 spell: Tukima's Dance
  8131 | D:8      | Learned a level 3 spell: Portal Projectile
  8135 | D:9      | Found a glowing silver altar of Zin.
  8277 | D:9      | Found a staircase to the Orcish Mines.
  8665 | D:9      | Found a flagged portal.
  8675 | Bailey   | Entered a bailey
  8798 | Bailey   | Reached XP level 11. HP: 85/85 MP: 14/14
  8972 | Bailey   | Reached skill level 12 in Dodging
  8975 | Bailey   | Noticed an orc knight
  8978 | Bailey   | Noticed an orc knight
  8995 | Bailey   | Killed an orc knight
  9011 | Bailey   | Killed an orc knight
  9129 | Bailey   | Identified the +10 arbalest of the Big Fish {drain, rElec
                  | Dex+3 SInv}
  9228 | D:9      | Found an ornate altar of the Wu Jian Council.
  9434 | D:9      | Found a sparkling altar of Nemelex Xobeh.
  9741 | D:9      | Acquired the +2 pair of boots "Nezif" {rN+ Int+3}
  9748 | D:10     | Entered Level 10 of the Dungeon
  9909 | D:10     | Found a hide-covered altar of Uskayaw.
 10885 | D:11     | Noticed a purple ugly thing
 10898 | D:11     | Killed a purple ugly thing
 11266 | D:12     | Noticed a boulder beetle
 11296 | D:12     | Killed a boulder beetle
 11492 | D:12     | Noticed a deep elf pyromancer
 11498 | D:12     | Killed a deep elf pyromancer
 11566 | D:12     | Noticed a deep elf pyromancer
 11568 | D:12     | Killed a deep elf pyromancer
 11724 | D:12     | Reached XP level 12. HP: 91/94 MP: 14/17
 11979 | D:12     | Reached skill level 13 in Dodging
 12303 | D:13     | You fall into a shaft and drop 2 floors!
 12303 | D:15     | Entered Level 15 of the Dungeon
 12305 | D:15     | Noticed Josephine
 12355 | D:15     | Killed Josephine
 12771 | D:14     | Noticed Agnes
 12783 | D:14     | Noticed a tengu warrior
 12794 | D:14     | Killed a tengu warrior
 12982 | D:14     | Found a radiant altar of Vehumet.
 13098 | D:14     | Noticed a centaur warrior
 13114 | D:14     | Killed a centaur warrior
 13133 | D:14     | Noticed Urug
 13138 | D:14     | Reached skill level 10 in Hexes
 13146 | D:14     | Reached skill level 10 in Summonings
 13158 | D:14     | Killed Urug
 13176 | D:14     | Reached skill level 10 in Fighting
 13185 | D:14     | Noticed Rupert
 13190 | D:14     | Paralysed by Rupert for 2 turns
 13205 | D:14     | Paralysed by Rupert for 5 turns
 13288 | D:14     | Killed Rupert
 13289 | D:14     | Reached skill level 14 in Dodging
 13457 | D:14     | Found a gate to the Vaults.
 13486 | D:14     | Noticed a five-headed hydra
 13500 | D:14     | Killed a one-headed hydra
 13501 | D:14     | Reached XP level 13. HP: 72/103 MP: 19/19
 13567 | D:14     | Annihilated by Agnes

Illustrated notes

Levels and vault maps discovered:
D:1:      scummos_arrival_simple_fountains, layout_basic,
          shapermc_ecumenical_altar_rom_forum
D:2:      layout_basic, minmay_tetromino_l2
D:3:      layout_basic, nicolae_kikubaaqudgha_miasma_corner,
          minmay_large_rounded_square, minmay_misc_feat_four_crosses,
          uniq_jessica
D:4:      layout_gridville, mainiacjoe_overflow_six_doors_small, temple_green
D:5:      layout_loops_corners, nicolae_sif_muna_little_library,
          general_overflow_altar, serial_shops, nicolae_lakefront_shop
D:6:      layout_loops_ring, ebering_ghost_inner_flame, dk_rats_in_the_wall
D:7:      layout_basic, nicolae_tso_carved_into_rock, serial_shops, shop
D:8:      layout_basic, yredelemnul_forgotten_temple_becter, slow_altar_2,
          grunt_lair_entry_orc_guard_hut, minmay_hollow_rounded_squares
D:9:      layout_basic, mainiacjoe_overflow_small_starburst,
          nemelex_diamond_rough_becter, mainiacjoe_overflow_24_doors,
          minmay_orc_entry_temple_small, enter_bailey_5
D:10:     layout_roguey, mainiacjoe_overflow_concentric_impassable
D:11:     layout_cave_pools
D:12:     layout_loops_ring
D:13:     layout_loops_corners, serial_shops, nicolae_take_the_stairs,
          grunt_decor_clamped, nicolae_diode_stairs
D:14:     layout_long_grid, david_vaults_3, fiery_altar_vehumet, uniq_agnes
D:15:     grunt_enter_depths_snipers, layout_basic, nicolae_triple_integral,
          uniq_josephine
Temple:   hellmonk_temple_of_storms

Skill      XL: |  1  2  3  4  5  6  7  8  9 10 11 12 |
---------------+-------------------------------------+-----
Polearms       | 5 6 7 9 10 | 10.4
Dodging        | 5 6 7 9 10 11 12 14 | 14.0
Fighting       | 3 4 5 6 7 8 10 | 10.0
Throwing       | 3 4 5 6 |  6.0
Hexes          | 3 6 8 10 | 10.8
Summonings     | 2 6 8 10 | 10.6
Spellcasting   | 1 2 3 4 |  4.6
Armour         | 2 3 |  3.7
Translocations | 1 3 4 |  4.0

Action                     |  1- 3 |  4- 6 |  7- 9 | 10-12 | 13-15 || total
---------------------------+-------+-------+-------+-------+-------++-------
  Melee: Trident           |    80 |   192 |   308 |   459 |     9 ||  1048
         Punch             |     1 |     2 |     1 |     8 |       ||    12
         Tailslap          |       |       |       |    11 |       ||    11
         Long sword        |       |       |       |     9 |       ||     9
   Fire: Arbalest          |       |       |       |   209 |       ||   209
  Throw: Stone             |    28 |     9 |       |       |       ||    37
         Throwing net      |     3 |       |       |       |       ||     3
         Javelin           |     1 |       |       |       |       ||     1
         Boomerang         |       |       |    76 |    47 |       ||   123
   Cast: Portal Projectile |       |       |       |    50 |       ||    50
         Summon Guardian G |       |       |       |    20 |     1 ||    21
         Tukima's Dance    |       |       |       |    12 |       ||    12
 Invoke: Call Merchant     |       |       |       |     1 |       ||     1
  Evoke: Wand              |       |       |     1 |       |       ||     1
    Use: Scroll            |     5 |    12 |     6 |    17 |       ||    40
         Potion            |       |       |     1 |     5 |     2 ||     8
   Stab: Sleeping          |     1 |       |     1 |     2 |       ||     4
         Distracted        |       |       |     1 |     4 |       ||     5
         Invisible         |       |       |       |     4 |       ||     4
 Armour: Leather armour    |    11 |    60 |    57 |   109 |       ||   237
  Dodge: Dodged            |    44 |   209 |   213 |   597 |     8 ||  1071
